 Dungeon Crawl Stone Soup version 0.30-a0-723-gc1506a1cf0 (webtiles) character file.

Game seed: 3953229268600457348

658 ASSMAN the Covert (level 7, -1/40 HPs)
             Began as a Vampire Delver on Jan 29, 2023.
             Was a Follower of Dithmenos.
             Killed by divine providence
             ... invoked by an orc priest
              (16 damage)
             ... on level 6 of the Dungeon.
             The game lasted 00:04:20 (3763 turns).

ASSMAN the Covert (Vampire Delver)                  Turns: 3763, Time: 00:04:20

Health: -1/40      AC:  5    Str: 11    XL:     7   Next: 29%
Magic:  7/7        EV: 12    Int: 12    God:    Dithmenos [*.....]
Gold:   238        SH:  0    Dex: 18    Spells: 6/6 levels left

rFire   . . .      SeeInvis +    n - +0 rapier
rCold   + + .      Faith    .    (no shield)
rNeg    + + +      Spirit   .    b - +0 leather armour
rPois   ∞          Reflect  .    (no helmet)
rElec   .          Harm     .    (no cloak)
rCorr   .          Rampage  .    v - +0 pair of gloves
Will    .....                    m - +0 pair of boots
Stlth   ++++++++                 (no amulet)
HPRegen 0.00/turn                (no ring)
MPRegen 0.10/turn                (no ring)

@: bloodless, inhibited regen, wreathed by umbra
A: bloodless, fangs 3, see invisible, vampiric 2
a: Bat Form, Revivify, Renounce Religion


You were on level 6 of the Dungeon.
You worshipped Dithmenos.
Dithmenos was aware of your devotion.
You visited 1 branch of the dungeon, and saw 6 of its levels.

You collected 342 gold pieces.
You spent 104 gold pieces at shops.

Inventory:

Hand Weapons
 a - a +0 short sword
 n - a +0 rapier (weapon)
 u - a +0 dagger
Armour
 b - a +0 leather armour (worn)
 m - a +0 pair of boots (worn)
 v - a +0 pair of gloves (worn)
Magical Staves
 B - a staff of earth
Jewellery
 h - a +6 ring of strength
Wands
 g - a wand of digging (3)
Scrolls
 c - 2 scrolls of fog
 d - 4 scrolls of magic mapping
 e - a scroll of fear
 f - 2 scrolls of amnesia {unknown}
 i - 3 scrolls of teleportation {unknown}
 l - 4 scrolls of identify {unknown}
 q - a scroll of enchant weapon {unknown}
 r - a scroll of immolation {unknown}
 t - 3 scrolls of blinking {unknown}
 y - a scroll of summoning {unknown}
 C - a scroll of vulnerability {unknown}
Potions
 j - 5 potions of curing {unknown}
 k - 4 potions of heal wounds
 o - 2 potions of ambrosia {unknown}
 p - a potion of flight {unknown}
 s - 2 potions of mutation {unknown}
 w - 2 potions of brilliance {unknown}
 x - 2 potions of attraction {unknown}
 z - a potion of lignification {unknown}
 A - a potion of might {unknown}
 D - a potion of degeneration {unknown}


   Skills:
 - Level 2.6 Fighting
 + Level 6.1 Short Blades
 - Level 2.1 Dodging
 + Level 11.8 Stealth


You had 6 spell levels left.
You didn't know any spells.
Your spell library contained the following spells:

 Spells                   Type           Power      Damage    Failure   Level
 Sandblast                Erth           0%         2d4       41%         1
 Shock                    Conj/Air       0%         1d3       41%         1
 Lesser Beckoning         Tloc           0%         N/A       54%         2
 Passwall                 Tmut/Erth      0%         N/A       54%         2
 Gell's Gravitas          Tloc           0%         N/A       78%         3
 Stone Arrow              Conj/Erth      0%         3d7       78%         3
 Swiftness                Air            0%         N/A       78%         3
 Teleport Other           Tloc           0%         N/A       78%         3
 Airstrike                Air            0%         2d(0-16)  99%         4


Dungeon Overview and Level Annotations

Branches:
Dungeon (6/15)
 Temple: D:4-7

Altars:
Dithmenos
Fedhas

Shops:
D:3 ?   D:6 ?


Innate Abilities, Weirdness & Mutations

You do not regenerate when monsters are visible.
You are frail without blood (-20% HP).
You can heal yourself when you bite living creatures.
You are immune to poison.
You have razor-sharp teeth.
You have supernaturally acute eyesight. (SInv)
You are afflicted with vampirism and can become a bat while bloodless.


Message History

The orc wizard convulses!
The orc convulses! x3
The orc wizard mumbles some strange words.
The orc wizard flickers and vanishes for a moment.
The orc priest barely misses you.
You hit the orc priest but do no damage.
The orc priest is heavily wounded.
The orc hits you with a +2 dagger of protection.
The orc wizard hits you with a +0 dagger.
The orc priest barely misses you.
You completely miss the orc priest.
The orc priest is heavily wounded.
The orc hits you with a +2 dagger of protection.
The orc priest completely misses you. The orc attacks as you move away!
The orc closely misses you.
The orc wizard points at you and mumbles some strange words.
The puff of flame hits you! The orc attacks as you move away!
The orc barely misses you.
You hit the orc but do no damage.
The orc is moderately wounded.
The orc curses loudly.
The orc closely misses you.
You hit the orc wizard. Your punch misses the orc wizard.
The orc wizard is severely wounded.
The orc wizard points at you and mumbles some strange words.
The magic dart hits you. The orc misses you.
You hit the orc wizard but do no damage.
The orc wizard is severely wounded.
The orc wizard barely misses you. The orc hits you with a +0 flail.
You closely miss the orc wizard.
The orc wizard is severely wounded.
The orc wizard hits you but does no damage.
The orc barely misses you.
You barely miss the orc wizard.
The orc wizard is severely wounded.
You barely miss the orc wizard.
The orc wizard is severely wounded.
The orc wizard barely misses you.
The orc priest calls down the wrath of Beogh upon you.
Beogh smites you!
You die...

#.. ##....
##........
##........
##.##......
##.## ##....
##.## ###.
##..# ##..##
##..##
#..####o@##
#...oo##
#....o.#
#........).#
............#
............#
.>.........##
...........#
...........#


You could see an orc priest, an orc wizard (invisible) and 2 orcs.

Vanquished Creatures
  Eustachio (D:5)
  An ice beast (D:5)
  A black bear (D:5)
  A necrophage (D:5)
  3 hounds (D:5)
  3 iguanas
  4 adders
  2 shadow imps (D:5)
  2 worms
  An orc (D:6)
  3 ball pythons
  4 endoplasms
  4 goblins
  4 hobgoblins
  3 jackals (D:4)
  3 kobolds
  3 quokkas (D:1)
  7 bats
  A frilled lizard (D:1)
  8 rats
59 creatures vanquished.

Notes
Turn   | Place    | Note
-------+----------+-------------------------------------------
     0 | D:5      | ASSMAN the Vampire Delver began the quest for the Orb.
     0 | D:5      | Reached XP level 1. HP: 17/17 MP: 1/1
   269 | D:4      | Reached XP level 2. HP: 19/23 MP: 2/2
   270 | D:4      | Reached skill level 8 in Stealth
   439 | D:4      | Noticed a black bear
   537 | D:3      | Gained mutation: You are afflicted with vampirism and can
                  | become a bat while bloodless. [Vampire growth]
   537 | D:3      | Reached XP level 3. HP: 22/22 MP: 3/3
   740 | D:3      | Found Cacsufaw's Magic Scroll Shoppe.
   771 | D:3      | Found a shadowy altar of Dithmenos.
   881 | D:3      | Became a worshipper of Dithmenos the Shadowed
  1533 | D:2      | Found a faded altar of an unknown god.
  1842 | D:1      | Reached skill level 9 in Stealth
  2126 | D:1      | Reached XP level 4. HP: 27/27 MP: 4/4
  2921 | D:5      | Noticed Eustachio
  3151 | D:5      | Found a blossoming altar of Fedhas.
  3218 | D:5      | Killed Eustachio
  3219 | D:5      | Reached skill level 10 in Stealth
  3219 | D:5      | Reached XP level 5. HP: 20/31 MP: 5/5
  3269 | D:5      | Noticed a black bear
  3275 | D:5      | Killed a black bear
  3276 | D:5      | Reached XP level 6. HP: 36/36 MP: 6/6
  3319 | D:5      | Noticed an ice beast
  3325 | D:5      | Killed an ice beast
  3326 | D:5      | Reached skill level 5 in Short Blades
  3326 | D:5      | Reached skill level 11 in Stealth
  3471 | D:5      | Reached * piety under Dithmenos
  3485 | D:5      | Reached XP level 7. HP: 25/40 MP: 7/7
  3689 | D:6      | Found Adagah's Magic Scroll Boutique.
  3706 | D:6      | Bought a scroll of torment for 104 gold pieces
  3763 | D:6      | Killed from afar by an orc priest

Illustrated notes

Levels and vault maps discovered:
D:1:      spicycebolla_arrival_xxxplode, layout_basic, minmay_tetromino_t4
D:2:      layout_rooms, basic_ecumenical_altar
D:3:      layout_basic, mainiacjoe_overflow_six_doors_small, serial_shops,
          nicolae_shop_hallway_stairs, kennysheep_decorative_pillar,
          kennysheep_generic_room_16
D:4:      layout_basic
D:5:      layout_basic, lemuel_tele_altar, uniq_eustachio
D:6:      layout_cave_pods, minmay_temple_entry_ruins, serial_shops, shop,
          nicolae_shop_temple_entry_statues_fountains,
          nicolae_shop_overgrown_old_shop, shop

Skill      XL: |  1  2  3  4  5  6  7 |
---------------+----------------------+-----
Stealth        | 8 9 10 11 | 11.8
Short Blades   | 4 5 6 |  6.1
Fighting       | |  2.6
Dodging        | |  2.1

Action                     |  1- 3 |  4- 6 |  7- 9 || total
---------------------------+-------+-------+-------++-------
  Melee: Short sword       |    27 |       |       ||    27
         Bite              |     4 |     9 |     3 ||    16
         Rapier            |    52 |    60 |    28 ||   140
         Punch             |       |     1 |       ||     1
Ability: Exsanguinate      |     1 |       |       ||     1
    Use: Potion            |     1 |     2 |       ||     3
         Scroll            |       |       |     1 ||     1
   Stab: Sleeping          |    22 |    11 |     3 ||    36
 Armour: Leather armour    |    17 |     8 |     4 ||    29
  Dodge: Dodged            |    46 |    27 |    18 ||    91

Table legend: (Time is in decaauts)
 A = Elapsed time spent in this place.
 B = Non-inter-level travel time spent in this place.
 C = Inter-level travel time spent in this place.
 D = Time resting spent in this place.
 E = Time spent auto-exploring this place.
 F = Levels seen in this place.
 G = Mean time per level.
                   A        B        C        D        E       F      G
               +--------+--------+--------+--------+--------+-----+--------+
         Total |   3746 |   3491 |    255 |    255 |   2644 |   6 |  624.3 |
       Dungeon |   3746 |   3491 |    255 |    255 |   2644 |   6 |  624.3 |
               +--------+--------+--------+--------+--------+-----+--------+

Top non-repeatable levels by time:
     D:5: 989 daAuts
     D:3: 766 daAuts
     D:1: 727 daAuts
     D:4: 601 daAuts
     D:2: 589 daAuts
     D:6: 72 daAuts
